 Dungeon Crawl Stone Soup version 0.20.2-3-g29329e0561 (webtiles) character file.

108 Alfie the Shield-Bearer (level 4, 0/40 HPs)
             Began as a Hill Orc Fighter on Jan 16, 2023.
             Slain by an orc wizard
             ... wielding a +1 dagger of speed
              (1 damage)
             ... on level 3 of the Dungeon.
             The game lasted 00:04:16 (1750 turns).

Alfie the Shield-Bearer (Hill Orc Fighter)          Turns: 1750, Time: 00:04:17

Health: 0/40       AC:  8    Str: 24    XL:     4   Next: 87%
Magic:  4/4        EV:  8    Int: 13    God:
Gold:   114        SH:  0    Dex: 10    Spells: 3/3 levels left

rFire    . . .     SeeInvis .   a - +0 rapier
rCold    . . .     Gourm    .   c - +0 shield
rNeg     . . .     Faith    .   b - +0 scale mail
rPois    .         Spirit   .   (no helmet)
rElec    .         Reflect  .   (no cloak)
rCorr    .         Harm     .   o - +0 pair of gloves
MR       .....                  (no boots)
Stlth    ..........             (no amulet)
Regen    0.2/turn               (no ring)
MPRegen  0.1/turn               (no ring)

@: confused, mighty, brilliant
A: no striking features
a: no special abilities


You were on level 3 of the Dungeon.
You were not hungry.

You visited 1 branch of the dungeon, and saw 3 of its levels.

You collected 114 gold pieces.

Inventory:

Hand Weapons
 a - a +0 rapier (weapon)
Armour
 b - a +0 scale mail (worn)
 c - a +0 shield (worn)
 o - a +0 pair of gloves (worn)
Scrolls
 e - a scroll of recharging
 h - 2 scrolls of amnesia
 k - a scroll of identify
 p - a scroll of teleportation {unknown}
Potions
 g - a potion of brilliance
 j - a potion of lignification {unknown}
 l - a potion of haste {unknown}
 n - a potion of degeneration {unknown}
Comestibles
 f - a bread ration
 m - 3 fruits


   Skills:
 + Level 4.0 Fighting
 + Level 3.0 Short Blades
 + Level 4.0 Armour
 + Level 0.5 Dodging
 + Level 0.3 Stealth
 + Level 4.2 Shields


You had 3 spell levels left.
You didn't know any spells.

Dungeon Overview and Level Annotations

Branches:
Dungeon (3/15)

Altars:
Fedhas


Message History

The orc hits you from afar with a trident.
* * * LOW HITPOINT WARNING * * *
The orc wizard hits you but does no damage.
You puncture the orc wizard!
You kill the orc wizard!
Your Short Blades skill increases to level 3!
Your Armour skill increases to level 4!
The orc hits you from afar with a trident.
* * * LOW HITPOINT WARNING * * *
You hear some strange, mumbled words.
You are confused.
It was a potion of brilliance.
You feel clever all of a sudden. The orc hits you but does no damage.
It was a potion of magic.
Magic courses through your body.
The orc hits you from afar with a trident.
* * * LOW HITPOINT WARNING * * *
Something hits you but does no damage.
You bump into the rock wall.
Something hits you.
You die...

....##.###.####
................#
.........#..##..#
....$....##.##..#
.........##.##..#
.........##.##..# .
........?##..#..##### o.
.........###.#......# ....
.?.....@.# #.#......#
.....########{# #........####
o....########o####.......'...
#..$...........#.†.....####
#..(...........##.###......
#..............'....#.#####
#..............##...#.#
#.......[......##<..#.#
#.##########...##..##.#


You could see an orc.

Vanquished Creatures
  An orc wizard (D:3)
  3 oozes
  A worm (D:2)
  2 dart slugs
  A leopard gecko (D:1)
  An orc (D:3)
  A ball python (D:2)
  5 bats
  A giant cockroach (D:2)
  2 goblins (D:1)
  9 hobgoblins
  9 jackals
  5 frilled lizards
  7 kobolds
  7 rats
  3 fungi (D:3)
58 creatures vanquished.

Notes
Turn   | Place    | Note
-------+----------+-------------------------------------------
     0 | D:1      | Alfie the Hill Orc Fighter began the quest for the Orb.
     0 | D:1      | Reached XP level 1. HP: 19/19 MP: 1/1
   118 | D:1      | Reached XP level 2. HP: 26/27 MP: 2/2
   622 | D:1      | Reached XP level 3. HP: 33/33 MP: 3/3
  1184 | D:2      | Reached XP level 4. HP: 12/40 MP: 4/4
  1593 | D:3      | Found a blossoming altar of Fedhas.
  1748 | D:3      | HP: 1/40 [orc/trident (4)]
  1750 | D:3      | Slain by an orc wizard

Skill      XL: |  1  2  3  4 |
---------------+-------------+-----
Fighting       | 4 |  4.0
Shields        | 4 |  4.2
Short Blades   | 3 |  3.0
Armour         | 4 |  4.0
Dodging        | |  0.5
Stealth        | |  0.3

Action                   |  1- 3 |  4- 6 || total
-------------------------+-------+-------++-------
Melee: Rapier            |   143 |    91 ||   234
  Use: Potion            |       |     3 ||     3
       Scroll            |       |     2 ||     2
  Eat: Bread ration      |     1 |       ||     1
Armor: Scale mail        |    80 |    31 ||   111
Dodge: Dodged            |    56 |    14 ||    70
Block: Shield            |    93 |    26 ||   119
